 Dungeon Crawl Stone Soup version coffee-0.2.0 (webtiles) character file.

Game seed: 15571465712008559077, levelgen mode: deterministic

88 Dorkslayer the Skirmisher (level 4, -8/31 HPs)
             Began as an Octopode Fighter on Nov 4, 2020.
             Was a Follower of Dithmenos.
             Mangled by a gnoll
             ... wielding a +0 spear
              (13 damage)
             ... on level 2 of the Dungeon.
             The game lasted 00:05:32 (1739 turns).

Dorkslayer the Skirmisher (Octopode Fighter)        Turns: 1739, Time: 00:05:32

Health: -8/31      AC:  1    Str: 16    XL:     4   Next: 53%
Magic:  4/4        EV: 13    Int: 10    God:    Dithmenos [*.....]
Gold:   124        SH:  9    Dex: 11    Spells: 3/3 levels left

rFire    . . .     SeeInvis .   a - +0 long sword
rCold    . . .     Gourm    .   b - +0 kite shield
rNeg     . . .     Faith    .   j - +0 hat
rPois    .         Spirit   .   (no amulet)
rElec    .         Reflect  .   (no ring)
rCorr    .         Harm     .   (no ring)
MR       .....                  (no ring)
Stlth    ++++......             (no ring)
HPRegen  0.10/turn              (no ring)
MPRegen  0.09/turn              (no ring)
                                (no ring)
                                (no ring)

@: wreathed by umbra
A: almost no armour, stealthy swim, amphibious, 8 rings, constrict 8, camouflage
1, gelatinous body 1
a: Renounce Religion


You were on level 2 of the Dungeon.
You worshipped Dithmenos.
Dithmenos was aware of your devotion.
You were not hungry.

You visited 2 branches of the dungeon, and saw 3 of its levels.

You collected 124 gold pieces.

Inventory:

Hand Weapons
 a - a +0 long sword (weapon)
Missiles
 e - 33 poisoned darts (quivered)
Armour
 b - a +0 kite shield (worn)
 j - a +0 hat (worn)
Scrolls
 c - a scroll of immolation
Potions
 g - a potion of brilliance
 h - a potion of flight
Comestibles
 d - 3 rations


   Skills:
 + Level 3.5(4.8) Fighting
 + Level 3.1 Long Blades
 + Level 0.1 Throwing
 + Level 3.3(4.8) Dodging
 + Level 1.4(5.8) Stealth
 + Level 3.4(4.8) Shields
 * Level 0.5 Invocations


You had 3 spell levels left.
You didn't know any spells.
Your spell library was empty.

Dungeon Overview and Level Annotations

Branches:
Dungeon (2/10)             Temple (1/1) D:2

Altars:
Ashenzari
Cheibriados
Dithmenos
Elyvilon
Fedhas
Gozag
Kikubaaqudgha
Nemelex Xobeh
Okawaru
Ru
Trog
Uskayaw
Vehumet
Xom
Yredelemnul


Innate Abilities, Weirdness & Mutations

You cannot wear most types of armour.
You are very stealthy in the water. (Stealth+)
You are amphibious.
You can wear up to eight rings at the same time.
You can use your tentacles to constrict eight enemies at once.
Your skin changes colour to match your surroundings (Stealth+).
Your rubbery body absorbs attacks. (AC +1, EV +1)


Message History

You throw a javelin.
The javelin pierces through the gnoll but does no damage.
The gnoll is heavily wounded.
The javelin pierces through the gnoll.
The gnoll is heavily wounded.
The gnoll hits you from afar with a +0 spear.
* * * LOW HITPOINT WARNING * * *
What are your orders? t - Shout!
Orders for allies: a - Attack new target. p - Attack previous target. r - Retreat! s - Stop attacking. g - Guard the area. f - Follow me.
Anything else - Cancel.
Okay, then.
You feel better.
The gnoll hits you from afar with a +0 spear.
* * * LOW HITPOINT WARNING * * *
A bat comes into view.
The gnoll hits you with a +0 spear!
You die...

#.# ###.##..#
##.#####...##..#
........)..##..#
##.#####...##..#
#######.#####...##..####
.b......................
........................
#.##.##.##...##..#.##
#@##.##...##..#.#
#g##..#...##..#.#
###.##g###.#...##..#.#
.........)g.)..(....#.#
#.....#.###.#...##..#.#
........# #.#...##..#.##
#.##....# #...g.# .... .
....... ##....# .##
..#..... .....# #


You could see 2 gnolls.

Vanquished Creatures
  Robin (D:2)
  A gnoll (D:2)
  An adder (D:2)
  A worm (D:2)
  A dart slug (D:1)
  A leopard gecko (D:2)
  5 giant cockroaches
  11 goblins
  9 hobgoblins
  4 kobolds
  A quokka (D:2)
  5 bats
  2 frilled lizards
  6 rats
49 creatures vanquished.

Notes
Turn   | Place    | Note
-------+----------+-------------------------------------------
     0 | D:1      | Dorkslayer the Octopode Fighter began the quest for the
                  | Orb.
     0 | D:1      | Reached XP level 1. HP: 16/16 MP: 1/1
   194 | D:1      | Reached XP level 2. HP: 21/21 MP: 2/2
   656 | D:1      | Reached XP level 3. HP: 26/26 MP: 3/3
  1012 | D:2      | Found a staircase to the Ecumenical Temple.
  1024 | Temple   | Entered the Ecumenical Temple
  1135 | Temple   | Became a worshipper of Dithmenos the Shadowed
  1214 | D:2      | Noticed Robin
  1237 | D:2      | Reached skill level 1 in Stealth
  1250 | D:2      | Killed Robin
  1250 | D:2      | Reached XP level 4. HP: 5/31 MP: 4/4
  1555 | D:2      | Reached * piety under Dithmenos
  1739 | D:2      | Mangled by a gnoll

Levels and vault maps discovered:
D:1:      dpeg_arrival_radiant, layout_basic
D:2:      layout_basic, minmay_temple_entry_trees, minmay_heptomino_l4,
          uniq_jessica, uniq_robin
Temple:   regret_index_temple_generic_petals

Skill      XL: |  1  2  3 |
---------------+----------+-----
Stealth        | 1 |  1.4
Long Blades    | 3 |  3.1
Fighting       | |  3.5
Throwing       | |  0.1
Dodging        | |  3.3
Shields        | |  3.4
Invocations    | |  0.5

Action                   |  1- 3 |  4- 6 || total
-------------------------+-------+-------++-------
Melee: Long sword        |    76 |     4 ||    80
       Constrict         |    26 |     3 ||    29
       Tentacles         |    14 |     1 ||    15
       Punch             |     1 |       ||     1
Throw: Dart              |     2 |     3 ||     5
       Javelin           |       |     3 ||     3
  Use: Potion            |     1 |     1 ||     2
 Stab: Sleeping          |     9 |     1 ||    10
  Eat: Chunk             |     1 |     2 ||     3
Armor: Skin              |    12 |       ||    12
Dodge: Dodged            |    50 |     3 ||    53
Block: Kite shield       |    61 |     2 ||    63
       Rpst.: Long sword |    20 |     1 ||    21
